 Dungeon Crawl Stone Soup version 0.17.1-2-g5865329 (webtiles) character file.

198 Gomorra the Covered (level 5, -5/48 HPs)
             Began as a Minotaur Fighter on Feb 2, 2016.
             Was an Initiate of Trog.
             Killed from afar by a kobold (19 damage)
             ... with a wand of lightning
             ... on level 3 of the Dungeon.
             The game lasted 00:08:04 (2325 turns).

Gomorra the Covered (Minotaur Fighter)              Turns: 2325, Time: 00:08:04

Health: -5/48      AC:  9    Str: 22    XL:     5   Next: 47%
Magic:  4/4        EV:  9    Int:  5    God:    Trog [......]
Gold:   217        SH:  0    Dex:  9    Spells: 0 memorised, 4 levels left

rFire  . . .     SeeInvis .     q - +3 quarterstaff (chaos)
rCold  . . .     Clarity  .     b - +0 scale mail
rNeg   . . .     SustAt   .     (shield currently unavailable)
rPois  .         Gourm    .     f - +2 hat
rElec  .         Spirit   .     (no cloak)
rCorr  .         Warding  .     (no gloves)
rMut   .         Stasis   .     (no boots)
MR     .....                    (no amulet)
Stlth  ..........               (no ring)
                                (no ring)

@: not resistant to hostile enchantments, extremely unstealthy
A: retaliatory headbutt, horns 2
a: Burn Spellbooks, Renounce Religion


You were on level 3 of the Dungeon.
You worshipped Trog.
Trog was noncommittal.
You were not hungry.

You visited 1 branch of the dungeon, and saw 3 of its levels.

You collected 217 gold pieces.

Inventory:

Hand Weapons
 a - a +0 flail
 q - a +3 quarterstaff of chaos (weapon)
Armour
 b - a +0 scale mail (worn)
 c - a +0 shield
 f - a +2 hat (worn)
 r - a +0 cloak
Jewellery
 l - an uncursed ring of wizardry {unknown}
 o - an uncursed ring of sustain attributes {unknown}
Wands
 s - a wand of fireball (8)
Scrolls
 k - a scroll of teleportation
Potions
 d - 2 potions of might
 g - 2 potions of degeneration {unknown}
 h - a potion of flight {unknown}
 i - 3 potions of invisibility {unknown}
 j - a potion of curing {unknown}
 m - 3 potions of lignification {unknown}
 n - 2 potions of haste {unknown}
 p - a potion of berserk rage {unknown}
Comestibles
 e - 2 bread rations


   Skills:
 + Level 5.3 Fighting
 - Level 3.3(3.6) Maces & Flails
 * Level 1.7(2.8) Staves
 + Level 5.5 Armour
 - Level 3.6 Shields


You had 4 spell levels left.
You didn't know any spells.

Dungeon Overview and Level Annotations

Branches:
Dungeon (3/15)

Altars:
Trog


Innate Abilities, Weirdness & Mutations

You reflexively headbutt those who attack you in melee.
You have a pair of horns on your head.


Message History

Items here: ( )) † an uncursed dagger; an uncursed hunting sling; 15 stones; a goblin corpse You feel sick.
You feel sick.
You feel sick.
You are no longer poisoned.
There is a stone staircase leading up here.
Found a stone staircase leading up.
Found a hunting sling.
Found an escape hatch in the floor.
There is a stone staircase leading up here.
You see here a hunting sling.
A kobold comes into view.
The kobold shouts!
The kobold zaps a wand.
The bolt of lightning hits you!
It is a wand of lightning.
The kobold zaps a wand.
The bolt of lightning hits you!
* * * LOW HITPOINT WARNING * * *
The kobold zaps a wand.
The bolt of lightning hits you!
You die...

#.>.......##.##.)#.[##......
#..####.####)#......#####...
#..####.####.#...#.## #.##
#.............)....# #...
#.######.#....(..### #..#
#............)(..# #..#
##########....(.## #..#
##...(.# #... #@##.(#####
##.# #######.##(.....# #..
........##.####.# ###
#.......# #.# #.##K##.####.#
#. #.##..<.#.# ##.
#.#####.#.######## #.. #.#
#............. #.# #.#
#.#.#.########


You could see a kobold.

Vanquished Creatures
  A giant frog (D:3)
  Crazy Yiuf (D:2)
  4 adders
  An adder skeleton (D:2)
  5 worms (D:3)
  6 bats
  2 bat skeletons (D:2)
  2 bat zombies (D:2)
  2 giant cockroaches
  3 hobgoblins
  2 jackals (D:2)
  6 kobolds
  A quokka (D:2)
  2 giant cockroach zombies (D:2)
  3 giant newts
  5 goblins
  A quokka zombie (D:2)
  10 rats
  A bush (D:2)
  A fungus (D:2)
  2 plants (D:2)
61 creatures vanquished.

Notes
Turn   | Place    | Note
--------------------------------------------------------------
     0 | D:1      | Gomorra the Minotaur Fighter began the quest for the Orb.
     0 | D:1      | Reached XP level 1. HP: 19/19 MP: 0/0
   250 | D:1      | Reached skill level 4 in Armour
   276 | D:1      | Reached XP level 2. HP: 25/27 MP: 1/1
   729 | D:2      | Reached XP level 3. HP: 33/33 MP: 2/2
  1052 | D:2      | Reached XP level 4. HP: 41/41 MP: 3/3
  1253 | D:2      | Noticed Crazy Yiuf
  1259 | D:2      | Killed Crazy Yiuf
  1259 | D:2      | Reached skill level 5 in Armour
  1820 | D:3      | Noticed a giant frog
  1826 | D:3      | Killed a giant frog
  1826 | D:3      | Reached skill level 5 in Fighting
  1826 | D:3      | Reached skill level 1 in Staves
  1826 | D:3      | Reached XP level 5. HP: 34/48 MP: 4/4
  2009 | D:3      | Noticed a moth of wrath
  2012 | D:3      | Found a bloodstained altar of Trog.
  2040 | D:3      | Became a worshipper of Trog the Wrathful
  2325 | D:3      | Killed from afar by a kobold

Action                   |  1- 3 |  4- 6 || total
-------------------------+-------+-------++-------
Melee: Flail             |   110 |    58 ||   168
       Quarterstaff      |       |    41 ||    41
  Use: Scroll            |       |     5 ||     5
  Eat: Meat ration       |       |     1 ||     1
